 Dungeon Crawl Stone Soup version 0.22.1-6-g1668fe2c40 (webtiles) character file.

46 Kohma the Sneak (level 3, 0/16 HPs)
             Began as a Vine Stalker Enchanter on Jan 21, 2019.
             Killed from afar by Natasha (3 damage)
             ... with a magic dart
             ... on level 2 of the Dungeon.
             The game lasted 00:02:50 (1164 turns).

Kohma the Sneak (Vine Stalker Enchanter)            Turns: 1164, Time: 00:02:51

Health: 0/16       AC:  2    Str: 10    XL:     3   Next: 66%
Magic:  0/8        EV: 12    Int: 15    God:
Gold:   52         SH:  0    Dex: 15    Spells: 4/7 levels left

rFire    . . .     SeeInvis .   a - +1 dagger
rCold    . . .     Gourm    .   (no shield)
rNeg     . . .     Faith    .   b - +0 robe
rPois    .         Spirit   +   (no helmet)
rElec    .         Reflect  .   (no cloak)
rCorr    .         Harm     .   (no gloves)
MR       .....                  (no boots)
Stlth    +++.......             (no amulet)
HPRegen  0.05/turn              (no ring)
MPRegen  0.11/turn              (no ring)

@: no status effects
A: fangs 2, magic shield, antimagic bite, no potion heal 3, rot immunity
a: no special abilities


You were on level 2 of the Dungeon.
You were not hungry.

You visited 1 branch of the dungeon, and saw 2 of its levels.

You collected 52 gold pieces.

Inventory:

Hand Weapons
 a - a +1 dagger (weapon)
Missiles
 e - 15 poisoned needles
Armour
 b - a +0 robe (worn)
 l - a +0 buckler
Jewellery
 k - a +3 ring of dexterity {unknown}
Scrolls
 g - a scroll of immolation {unknown}
 h - a scroll of fog {unknown}
 m - a scroll of enchant armour {unknown}
 n - a scroll of identify {unknown}
 o - a scroll of enchant weapon {unknown}
Potions
 c - a potion of berserk rage {unknown}
 f - 3 potions of degeneration {unknown}
 i - 2 potions of haste {unknown}
 j - a potion of lignification {unknown}
Comestibles
 d - 3 rations
 p - 2 chunks of flesh


   Skills:
 + Level 1.5 Short Blades
 - Level 1.5 Dodging
 - Level 4.0 Stealth
 * Level 0.9 Shields
 + Level 2.6 Spellcasting
 * Level 3.4 Hexes


You had 4 spell levels left.
You knew the following spells:

 Your Spells              Type           Power        Failure   Level  Hunger
a - Corona                Hex            ##.....      4%          1    #......
b - Ensorcelled Hibernat  Hex/Ice        #.....       16%         2    ##.....

Your spell library contained the following spells:

 Spells                   Type           Power        Failure   Level  Hunger
 Confuse                  Hex            ##......     16%         3    ###....
 Tukima's Dance           Hex            ##......     16%         3    ###....
 Dazzling Spray           Conj/Hex       #.....       30%         3    ###....


Dungeon Overview and Level Annotations

Branches:
Dungeon (2/15)

Altars:

Annotations:
D:2 Natasha


Innate Abilities, Weirdness & Mutations

You have extremely sharp teeth.
When hurt, damage is shared between your health and your magic reserves.
Your bite disrupts and absorbs the magic of your enemies.
Potions cannot restore your health.
You are immune to rotting.


Message History

You closely miss Natasha. You bite Natasha, but do no damage.
Natasha is almost dead.
Natasha falters for a moment.
You hit Natasha but do no damage.
Natasha is almost dead.
You hit Natasha.
You kill Natasha!
Natasha screams in pain as she dies!
The white imp disappears in a puff of smoke!
You have reached level 3!
Your experience leads to an increase in your attributes!
Increase (S)trength, (I)ntelligence, or (D)exterity?
You feel agile.
You start resting.
Your magical contamination has completely faded away.
You start resting.
Natasha, Servant of Life and Death comes into view.
Natasha casts a spell at you. The magic dart hits you!
You die...

#.# ###.# ######### #######
##...######.......# #.....
..#......#.#####.# #...
#....###.#.#####.#####.# ####
#...........@.....h....##....
#...#.#.#.##..#.####........
#.<.....#.##.[#.# #..##.###
#.....###.......## #.......
##.#### ####.....# #........
##'## #...#.# #.###h###
##...## #.###.###.# .#
##.....## #.........# .#
##.......## ##.###.###. .#


You could see Natasha.

Vanquished Creatures
  Natasha (D:2)
  2 bats (D:1)
  3 goblins
  4 hobgoblins (D:1)
  3 jackals (D:1)
  2 kobolds (D:1)
  2 frilled lizards
  2 rats (D:1)
19 creatures vanquished.

Notes
Turn   | Place    | Note
-------+----------+-------------------------------------------
     0 | D:1      | Kohma the Vine Stalker Enchanter began the quest for the
                  | Orb.
     0 | D:1      | Reached XP level 1. HP: 9/9 MP: 4/4
    31 | D:1      | Reached skill level 1 in Short Blades
    73 | D:1      | Reached XP level 2. HP: 10/13 MP: 4/6
   108 | D:1      | Learned a level 2 spell: Ensorcelled Hibernation
   511 | D:1      | Reached skill level 4 in Stealth
  1124 | D:2      | Noticed Natasha
  1144 | D:2      | Killed Natasha
  1144 | D:2      | Reached XP level 3. HP: 2/16 MP: 1/8
  1157 | D:2      | Noticed Natasha
  1164 | D:2      | Killed from afar by Natasha

Skill      XL: |  1  2 |
---------------+-------+-----
Short Blades   | 1 |  1.5
Stealth        | 4 |  4.0
Dodging        | |  1.5
Shields        | |  0.9
Spellcasting   | |  2.6
Hexes          | |  3.4

Action                   || total
-------------------------++-------
Melee: Dagger            ||    64
       Bite              ||    11
 Cast: Ensorcelled Hiber ||     3
 Stab: Sleeping          ||     3
  Eat: Chunk             ||     1
Armor: Robe              ||     9
Dodge: Dodged            ||    32
